 Dungeon Crawl Stone Soup version 0.29-a0-1065-g47a6bb87d6 (webtiles) character file.

Game seed: 5744142787947393625

2112703 Zeldest the Heavyweight Champion (level 23, 241/241 HPs)
             Began as a Troll Monk on Aug 19, 2022.
             Was the Champion of Jiyva.
             Escaped with the Orb
             ... and 3 runes!
             The game lasted 01:58:58 (41440 turns).

Zeldest the Heavyweight Champion (Troll Monk)      Turns: 41440, Time: 01:58:58

Health: 241/241    AC: 46    Str: 33    XL:     23   Next: 66%
Magic:  31/31      EV:  8    Int: 11    God:    Jiyva [******]
Gold:   4218       SH: 31    Dex: 20    Spells: 22/22 levels left

rFire   + + .      SeeInvis +     - Unarmed
rCold   + + .      Faith    +   a - +12 tower shield "Areculyi" {rN+}
rNeg    + + .      Spirit   .   i - +16 gold dragon scales of Icera {rPois rF+ rC+ rCorr Str+2 Dex+4}
rPois   +          Reflect  .   q - +0 hat "Ygeo" {Slay+2}
rElec   +          Harm     .   F - +1 cloak "Fyratuv" {rN+ Regen+ Dex+6 Slay+2}
rCorr   +          Rampage  .   (gloves unavailable)
Will    ++...                   (boots unavailable)
Stlth   ..........              O - amulet "Koimuvo Osez" {Faith rF+ Int+5 Dex-4 Slay+2}
HPRegen 3.70/turn               N - ring of Cukom {+Blink Will+ MP+9 Str-2 Dex+4}
MPRegen 0.72/turn               f - ring of the Wild Haggis {rElec rPois}

@: studying 3 skills
A: large, unfitting armour, claws 3, regeneration 1, shaggy fur 3, tough skin 1,
talons 3, clumsy 1, acidic bite, eyeballs 3, gelatinous body 3, translucent skin
3, tendrils, inability to drink after injury 1
0: Orb of Zot
}: 3/15 runes: decaying, serpentine, slimy
a: Renounce Religion, Evoke Blink, Oozemancy, Slimify


You escaped.
You worshipped Jiyva.
Jiyva was exalted by your worship.
You visited 11 branches of the dungeon, and saw 52 of its levels.
You visited 1 bazaar.
You also visited: Trove, Sewer, Bailey and Gauntlet.

You collected 6320 gold pieces.
You spent 2102 gold pieces at shops.

Inventory:

Missiles
 M - 10 silver javelins (quivered)
 U - 18 large rocks
Armour
 a - the +12 tower shield "Areculyi" (worn) {rN+}
   (You acquired it on level 5 of the Realm of Zot)

   rN:        It protects you from negative energy.
 i - the +16 gold dragon scales of Icera (worn) {rPois rF+ rC+ rCorr Str+2 Dex+4}
   (You found it in a treasure trove)

   Str:       It affects your strength (+2).
   Dex:       It affects your dexterity (+4).
   rF:        It protects you from fire.
   rC:        It protects you from cold.
   rPois:     It protects you from poison.
   rCorr:     It protects you from acid and corrosion.
 q - the +0 hat "Ygeo" (worn) {Slay+2}
   (You found it in a treasure trove)

   Slay:      It affects your accuracy & damage with ranged weapons and melee
   (+2).
 x - a +6 tower shield
 F - the +1 cloak "Fyratuv" (worn) {rN+ Regen+ Dex+6 Slay+2}
   (You found it on level 5 of the Pits of Slime)

   Dex:       It affects your dexterity (+6).
   Slay:      It affects your accuracy & damage with ranged weapons and melee
   (+2).
   rN:        It protects you from negative energy.
   Regen:     It increases your rate of health regeneration.
Jewellery
 f - the ring of the Wild Haggis (right claw) {rElec rPois}
   (You took it off a deep elf sorcerer on level 3 of the Elven Halls)

   [ring of poison resistance]

   rElec:     It insulates you from electricity.
   rPois:     It protects you from poison.
 p - the brooch of Shielding {Spirit SH+8}
   (You found it on level 4 of the Vaults)

   [amulet of guardian spirit]

   It causes incoming damage to be divided between your reserves of health and
   magic.
   SH:        It affects your SH (+8).
 E - the ring of Yendor {MP+9 Int-5 Dex+7 SInv}
   (You found it on level 5 of the Pits of Slime)

   [ring of see invisible]

   Int:       It affects your intelligence (-5).
   Dex:       It affects your dexterity (+7).
   MP:        It affects your magic capacity (+9).
   SInv:      It lets you see invisible.
 K - the ring "Ujownoeff" {rC+ Str+4 Dex+7}
   (You found it in a Gauntlet)

   [ring of protection from cold]

   Str:       It affects your strength (+4).
   Dex:       It affects your dexterity (+7).
   rC:        It protects you from cold.
 N - the ring of Cukom (left claw) {+Blink Will+ MP+9 Str-2 Dex+4}
   (You found it on level 14 of the Dungeon)

   [ring of magical power]

   Str:       It affects your strength (-2).
   Dex:       It affects your dexterity (+4).
   MP:        It affects your magic capacity (+9).
   +Blink:    It lets you blink.
   Will:      It increases your willpower.
 O - the amulet "Koimuvo Osez" (around neck) {Faith rF+ Int+5 Dex-4 Slay+2}
   (You bought it in a shop in a bazaar)

   [amulet of faith]

   It allows you to gain divine favour quickly.
   Int:       It affects your intelligence (+5).
   Dex:       It affects your dexterity (-4).
   Slay:      It affects your accuracy & damage with ranged weapons and melee
   (+2).
   rF:        It protects you from fire.
 Z - a ring of flight
Wands
 e - a wand of mindburst (15)
 A - a wand of digging (4)
 P - a wand of charming (30)
 Q - a wand of polymorph (10)
 T - a wand of iceblast (25)
 Y - a wand of acid (19)
Scrolls
 d - 5 scrolls of noise
 h - 3 scrolls of fear
 l - 2 scrolls of torment
 m - a scroll of silence
 n - 2 scrolls of magic mapping
 s - 3 scrolls of blinking
 v - 15 scrolls of teleportation
 w - a scroll of poison
 y - 5 scrolls of butterflies
 C - 12 scrolls of vulnerability
 D - 6 scrolls of immolation
 H - a scroll of summoning
Potions
 b - 2 potions of ambrosia
 j - a potion of attraction
 k - 5 potions of mutation
 o - 2 potions of invisibility
 r - 6 potions of might
 t - 7 potions of heal wounds
 u - 11 potions of curing
 z - 5 potions of flight
 G - a potion of magic
 J - 3 potions of haste
 L - a potion of resistance
 R - 2 potions of berserk rage
 V - 9 potions of lignification
 X - 2 potions of cancellation
Miscellaneous
 I - a condenser vane
 S - a box of beasts
 W - a lightning rod (4/4)


   Skills:
 + Level 16.9 Fighting
 - Level 4.1 Throwing
 + Level 16.8 Armour
 + Level 4.2 Dodging
 - Level 1.0 Stealth
 + Level 13.3 Shields
 O Level 27 Unarmed Combat
 + Level 15.1 Evocations


You had 22 spell levels left.
You didn't know any spells.
Your spell library contained the following spells:

 Spells                   Type           Power      Damage    Failure   Level
 Apportation              Tloc           0%         N/A       100%        1
 Beastly Appendage        Tmut           0%         N/A       100%        1
 Freeze                   Ice            0%         1d3       100%        1
 Magic Dart               Conj           0%         1d3       100%        1
 Necrotise                Necr           0%         1d4       100%        1
 Sandblast                Erth           0%         2d4       100%        1
 Shock                    Conj/Air       0%         1d3       100%        1
 Slow                     Hex            0%         N/A       100%        1
 Blink                    Tloc           0%         N/A       100%        2
 Call Imp                 Summ           0%         N/A       100%        2
 Ensorcelled Hibernation  Hex/Ice        0%         N/A       100%        2
 Passwall                 Tmut/Erth      0%         N/A       100%        2
 Scorch                   Fire           0%         2d5       100%        2
 Searing Ray              Conj           0%         2d4       100%        2
 Sublimation of Blood     Necr           0%         N/A       100%        2
 Wereblood                Tmut           0%         N/A       100%        2
 Confusing Touch          Hex            0%         N/A       100%        3
 Conjure Flame            Conj/Fire      0%         6-21      100%        3
 Frozen Ramparts          Ice            0%         1d1       100%        3
 Ignite Poison            Fire/Tmut/Pois 0%         N/A       100%        3
 Inner Flame              Hex/Fire       0%         N/A       100%        3
 Lesser Beckoning         Tloc           0%         N/A       100%        3
 Mephitic Cloud           Conj/Pois/Air  0%         N/A       100%        3
 Spider Form              Tmut/Pois      0%         N/A       100%        3
 Stone Arrow              Conj/Erth      0%         3d7       100%        3
 Summon Guardian Golem    Hex/Summ       0%         N/A       100%        3
 Swiftness                Air            0%         N/A       100%        3
 Teleport Other           Tloc           0%         N/A       100%        3
 Tukima's Dance           Hex            0%         N/A       100%        3
 Vampiric Draining        Necr           0%         2d6       100%        3
 Airstrike                Air            0%         2d(0-16)  100%        4
 Anguish                  Hex/Necr       0%         N/A       100%        4
 Animate Dead             Necr           0%         N/A       100%        4
 Cause Fear               Hex            0%         N/A       100%        4
 Flame Wave               Conj/Fire      0%         2d4       100%        4
 Fulminant Prism          Conj/Hex       0%         3d6       100%        4
 Hailstorm                Conj/Ice       0%         3d3       100%        4
 Ice Form                 Ice/Tmut       0%         N/A       100%        4
 Iskenderun's Mystic Bla  Conj/Tloc      0%         2d3       100%        4
 Passage of Golubria      Tloc           0%         N/A       100%        4
 Petrify                  Tmut/Erth      0%         N/A       100%        4
 Sticky Flame             Conj/Fire      0%         2d3       100%        4
 Summon Ice Beast         Ice/Summ       0%         N/A       100%        4
 Summon Lightning Spire   Summ/Air       0%         N/A       100%        4
 Agony                    Necr           0%         N/A       100%        5
 Alistair's Intoxication  Tmut/Pois      0%         N/A       100%        5
 Borgnjor's Vile Clutch   Necr/Erth      0%         N/A       100%        5
 Irradiate                Conj/Tmut      0%         3d11      100%        5
 Iskenderun's Battlesphe  Conj           0%         2d6       100%        5
 Lightning Bolt           Conj/Air       0%         1d11      100%        5
 Manifold Assault         Tloc           0%         N/A       100%        5
 Summon Forest            Summ/Tloc      0%         N/A       100%        5
 Summon Mana Viper        Hex/Summ       0%         N/A       100%        5
 Yara's Violent Unravell  Hex/Tmut       0%         3d3       100%        5
 Death Channel            Necr           0%         N/A       100%        6
 Eringya's Noxious Bog    Tmut/Pois      0%         N/A       100%        6
 Iron Shot                Conj/Erth      0%         9d1       100%        6
 Summon Cactus Giant      Summ           0%         N/A       100%        6
 Enfeeble                 Hex            0%         N/A       100%        7
 Orb of Destruction       Conj           0%         9d5       100%        7
 Spellforged Servitor     Conj/Summ      0%         N/A       100%        7
 Summon Hydra             Summ           0%         N/A       100%        7
 Borgnjor's Revivificati  Necr           0%         N/A       100%        8
 Discord                  Hex            0%         N/A       100%        8
 Lehudib's Crystal Spear  Conj/Erth      0%         10d2      100%        8
 Necromutation            Tmut/Necr      0%         N/A       100%        8
 Death's Door             Necr           0%         N/A       100%        9
 Dragon's Call            Summ           0%         N/A       100%        9


Dungeon Overview and Level Annotations

Branches:
Dungeon (15/15)            Temple (1/1) D:6            Lair (5/5) D:10
  Swamp (4/4) Lair:3        Snake (4/4) Lair:3        Slime (5/5) Lair:4
    Orc (2/2) D:9             Elf (3/3) Orc:2        Vaults (4/5) D:13
  Crypt (0/3) Vaults:3     Depths (4/4) D:15            Zot (5/5) Depths:4
  Sewer (visited)          Bailey (visited)         Gauntlet (visited)

Altars:
Ashenzari
Cheibriados
Dithmenos
Fedhas
Gozag
Nemelex Xobeh
Okawaru
Qazlal
Ru
Sif Muna
Trog
Uskayaw
Vehumet
Xom
Yredelemnul
The Shining One
Jiyva

Shops:
D:2 :   D:4 :   Orc:2 *=([   Vaults:4 [(!?

Portals:
Hell: Depths:1 Depths:2 Depths:3 Depths:4
Abyss: Depths:3
Pandemonium: Depths:2 Depths:4
Ziggurat: Depths:2

Annotations:
D:10 1 runed translucent door, pigah's ghost, journeyman OpAE
Temple 2 transporters
Swamp:1 2 transporters, JakeJacob's ghost, journeyman MiBe
Snake:4 1 runed translucent door, jfcaron's ghost, adept GnHu
Slime:5 Royal Jelly
Elf:2 5 runed translucent doors
Elf:3 2 exclusions
Zot:3 3 runed translucent doors, Donez's ghost, legendary MiBe


Innate Abilities, Weirdness & Mutations

You are too large for most types of armour.
You have claws for hands.
Your natural rate of healing is unusually fast.
Your thick and shaggy fur keeps you warm. (AC +3, rC+)
You have tough skin. (AC +1)
You have claws for feet.
You are clumsy. (Dex -2)
You have acidic saliva.
Your body is covered in eyes which may confuse attackers. (Acc +7, SInv)
Your gelatinous body deflects attacks. (AC +3, EV +3)
Your transparent skin significantly reduces your foes' accuracy. (Stealth+)
You are covered in slimy tendrils that may disarm your opponents.
You occasionally lose the ability to drink potions when taking damage.


Message History

There is a stone staircase leading up here.
You climb upwards.
There is a stone staircase leading down here.
(D) Dungeon (T) Temple (L) Lair (S) Swamp (P) Snake Pit (M) Slime Pits (O) Orcish Mines (E) Elven Halls (V) Vaults (C) Crypt (U) Depths (H) Hell (Z) Zot
Where to? (Enter - D:1, ? - help)
What level of the Dungeon? (default 1, ? - help)
A Tzitzimitl comes into view.
The Tzitzimitl roars!
There is a stone staircase leading up here.
You climb upwards.
There is a stone staircase leading down here.
(D) Dungeon (T) Temple (L) Lair (S) Swamp (P) Snake Pit (M) Slime Pits (O) Orcish Mines (E) Elven Halls (V) Vaults (C) Crypt (U) Depths (H) Hell (Z) Zot
Where to? (Enter - D:1, ? - help)
What level of the Dungeon? (default 1, ? - help)
A green death comes into view.
There is a stone staircase leading up here.
The green death gestures at you.
The poison arrow hits you but does no damage.
You are poisoned.
You climb upwards.
You feel very sick.
There is a stone staircase leading down here.
HP restored.
You feel sick.
You feel sick.
You feel sick.
You feel sick.
You feel sick.
You feel sick.
You feel sick.
You are no longer poisoned.
There is an open door here.
You see here 4 stones.
There is a staircase leading out of the dungeon here.
You have escaped!

##.#.#####.## #.#.#
#.# #.#.# #.# #.#.#
#.# #.#.#
#.##########
############.......#
#.........#######.#
###...###...# #.#
#.'...#.#.@.# #.#
####.#...###...# #†#
#....#.....(...# #.#
#.##.###########
#####.# #.###.#.#
#.# #.....# #.#
#.#.# #.####.#####
#.###.#.#####......#
#.##.......##.######
#.##..#.##.##.#


There were no monsters in sight!

Vanquished Creatures
  A dread lich (Zot:5)
  3 orbs of fire (Zot:5)
  Mennas (Vaults:4)
  Mara (Swamp:3)
  2 juggernauts
  5 Killer Klowns
  2 caustic shrikes (Depths:3)
  2 golden dragons
  A bone dragon (Depths:4)
  A Tzitzimitl (D:15)
  An electric golem (Zot:5)
  6 tentacled monstrosities
  The ghost of Ulaemata the Spry, an adept HaHu of Gozag (Vaults:4)
  24 Orb Guardians
  2 walking earthen tomes (Depths:3)
  3 liches
  A deep elf blademaster (Elf:3)
  A titan (Depths:3)
  2 deep elf master archers (Elf:3)
  6 quicksilver dragons
  A walking divine tome (Depths:3)
  6 death cobs
  3 sphinxes
  An Executioner (Depths:4)
  The ghost of nickcage the Slayer, an adept MiAK of Lugonu (Snake:1)
  Frances (D:14)
  3 tengu reavers
  A thorn hunter (Swamp:4)
  3 shadow dragons
  6 draconian monks
  A storm dragon (Depths:4)
  5 nagarajas
  A fenstrider witch (Swamp:4)
  2 fire giants
  8 vault wardens
  5 frost giants
  4 deep elf sorcerers (Elf:3)
  5 draconian shifters
  2 iron dragons (Depths:3)
  A deep elf elementalist (Elf:3)
  4 draconian knights
  Aizul (Snake:1)
  4 draconian scorchers
  3 orc warlords
  2 ghost moths
  A reaper (Zot:2)
  15 very ugly things
  A draconian stormcaller (Zot:1)
  5 spriggan defenders
  A war gargoyle (Vaults:3)
  9 ironbound preservers
  5 draconian annihilators
  5 stone giants
  4 ghouls
  6 green draconians
  6 ironbound thunderhulks
  An entropy weaver (Vaults:2)
  A vampire knight (Depths:3)
  Nessos (Lair:5)
  14 black draconians
  4 deep elf annihilators
  7 deep elf demonologists
  4 eleionomae
  2 red draconians
  7 yellow draconians
  8 white draconians
  A minotaur (Gauntlet)
  5 spark wasps
  7 purple draconians
  7 bunyips
  6 dire elephants
  2 ettins (Depths:2)
  A green death (D:12)
  A blizzard demon (Depths:3)
  5 deep elf death magi
  A merfolk javelineer (Depths:3)
  A shambling mangrove (Swamp:4)
  4 fire dragons
  2 jiangshi (Depths:3)
  12 yaktaur captains
  Harold (Lair:2)
  5 deep elf high priests (Elf:3)
  5 rakshasas
  3 merfolk impalers
  3 salamander tyrants (Snake:4)
  5 ice dragons
  3 vault guards
  A peacekeeper (Vaults:4)
  24 hydras
  5 catoblepae
  3 boulder beetles
  2 ghost crabs
  3 spriggan air magi
  A death knight (D:14)
  An ogre mage (D:15)
  15 centaur warriors
  9 anacondas
  15 ironbound frosthearts
  2 tengu warriors
  16 dancing weapons
  6 naga warriors
  14 two-headed ogres
  10 deep troll shamans
  4 spriggan berserkers
  6 deep troll earth magi
  2 vampire magi
  17 alligators
  9 death yaks
  5 orc high priests
  7 shock serpents
  4 hell knights (Depths:3)
  9 naga sharpshooters
  A sun demon (Depths:4)
  Nergalle (Lair:2)
  2 large abominations
  Sonja (Lair:4)
  Urug (Lair:1)
  8 spriggans
  13 deep elf knights
  A soul eater (D:15)
  A death drake (Swamp:1)
  9 iron trolls
  A spriggan druid (Swamp:3)
  A fire crab (Gauntlet)
  3 goliath frogs
  3 sea snakes (Snake:4)
  A cherub (D:15)
  A steelbarb worm (shapeshifter) (Elf:1)
  2 flayed ghosts (Depths:3)
  13 bog bodies
  11 swamp dragons
  A shadow demon (Zot:2)
  36 deep trolls
  2 necromancers
  14 orc knights
  16 ironbound convokers
  11 deep elf archers
  30 deep elf zephyrmancers
  2 phantasmal warriors (D:14)
  7 lindwurms
  7 mana vipers
  4 harpies (Vaults:1)
  11 wizards
  4 naga ritualists
  4 orc sorcerers
  22 deep elf pyromancers
  2 wolf spiders (D:14)
  12 cyclopes
  29 ugly things
  4 will-o-the-wisps
  6 salamanders
  A mana viper (shapeshifter) (D:14)
  6 moths of wrath
  6 elephants (Lair:5)
  6 manticores
  39 black mambas
  A smoke demon (Depths:4)
  4 guardian serpents
  2 torpor snails (Lair:5)
  3 rust devils (Depths:4)
  Joseph (D:7)
  7 naga magi
  12 vault sentinels
  Maggie (D:8)
  8 spectral spriggans (Swamp:1)
  9 cane toads
  Psyche (D:9)
  3 rime drakes (Lair:4)
  A minotaur zombie (Gauntlet)
  2 unseen horrors
  5 demonic crawlers (Elf:2)
  8 komodo dragons
  6 freezing wraiths
  33 yaktaurs
  A kobold demonologist (Bailey)
  A tormentor (Depths:4)
  10 tyrant leeches
  8 trolls
  A polar bear (shapeshifter) (D:15)
  3 polar bears
  8 hornets
  4 bloated husks
  A tarantella (Vaults:2)
  26 blink frogs
  A blink frog (shapeshifter) (D:13)
  A raiju (shapeshifter) (D:13)
  3 dream sheep (Lair:4)
  16 flying skulls (Gauntlet)
  A culicivora (shapeshifter) (D:14)
  5 air elementals
  A vampire (D:13)
  22 water elementals
  4 wraiths
  4 fire elementals
  A hog (shapeshifter) (D:14)
  3 basilisks
  Grum (D:8)
  6 wyverns
  3 fire bats (Gauntlet)
  71 yaks
  4 steam dragons
  2 redbacks (Vaults:2)
  A neqoxec (Zot:3)
  4 vampire mosquitoes
  Edmund (D:4)
  29 nagas
  15 swamp worms
  An acid dragon (D:11)
  4 wargs
  12 water moccasins
  6 swamp drakes
  An ice beast (D:7)
  47 orc warriors
  A sky beast (D:7)
  12 ogres
  17 wolves
  6 centaurs
  5 boggarts (D:14)
  A phantom (D:5)
  Blork the orc (D:4)
  4 kobold brigands
  10 bullfrogs
  2 gnoll sergeants
  4 earth elementals
  4 scorpions
  15 wights
  15 killer bees
  4 electric eels
  A howler monkey (D:12)
  A bullfrog zombie (D:4)
  2 jellies (Lair:4)
  2 hounds
  18 orc priests
  A gnoll bouda (D:6)
  4 iguanas
  Terence (D:3)
  24 orc wizards
  16 gnolls
  6 adders
  A white imp (D:7)
  2 ufetubi
  An adder zombie (D:4)
  3 worms
  A dart slug (D:5)
  88 orcs
  7 ball pythons
  15 endoplasms
  9 giant cockroaches
  15 goblins
  16 hobgoblins
  9 jackals
  16 quokkas
  6 bats
  8 frilled lizards
  18 kobolds
  3 rats
1708 creatures vanquished.

Vanquished Creatures (collateral kills)
  A juggernaut (Depths:3)
  A thorn hunter (Swamp:4)
  A deep elf demonologist (Elf:3)
  A deep elf death mage (Elf:3)
  A naga warrior (Snake:3)
  A hydra (Swamp:1)
  A vampire mage (Depths:4)
  An alligator (Swamp:4)
  A naga sharpshooter (Snake:3)
  A goliath frog (Swamp:1)
  A deep elf archer (Elf:2)
  A moth of wrath (Zot:5)
  A hornet (Swamp:4)
  A spriggan (Swamp:4)
  A water elemental (Elf:2)
  A naga (Snake:3)
  An adder (D:4)
17 creatures vanquished.

Vanquished Creatures (others)
  A dread lich (Zot:5)
  An acid blob (Depths:3)
  A tengu reaver (Vaults:2)
  An azure jelly (Swamp:4)
  A fire giant (Depths:3)
  A fenstrider witch (Swamp:4)
  A quicksilver ooze (shapeshifter) (Depths:3)
  A war gargoyle (Vaults:2)
  An eleionoma (Swamp:2)
  A deep elf demonologist (Elf:3)
  A purple draconian (Zot:1)
  A deep elf annihilator (Elf:3)
  A spark wasp (Depths:3)
  A deep elf death mage (Elf:3)
  2 great orbs of eyes
  A great orb of eyes (shapeshifter) (D:15)
  2 yaktaur captains
  A rakshasa (Depths:3)
  A peacekeeper (Vaults:2)
  2 ironbound frosthearts
  3 glowing orange brains
  A spriggan berserker (Depths:4)
  A flayed ghost (Depths:3)
  5 swamp dragons (Swamp:4)
  A bog body (Swamp:4)
  3 ironbound convokers
  A deep elf archer (Elf:2)
  2 deep elf zephyrmancers
  A moth of wrath (Zot:2)
  A cyclops (D:15)
  A black mamba (Snake:3)
  6 yaktaurs
  A komodo dragon (shapeshifter) (Depths:3)
  12 bloated husks
  30 slime creatures
  A dream sheep (Lair:4)
  A spriggan (Swamp:3)
  A basilisk (D:14)
  A golden eye (shapeshifter) (Elf:1)
  Menkaure (D:4)
  A swamp worm (Swamp:1)
  A floating eye (Depths:3)
  A water moccasin (Lair:4)
  2 orc warriors (Orc:2)
  A swamp drake (Swamp:4)
  2 ogres (D:15)
  A bullfrog (Lair:4)
  138 jellies
  A howler monkey (D:12)
  An orc priest (Orc:2)
  2 orc wizards (Orc:2)
  Robin (D:2)
  An adder (D:2)
  A dart slug (D:2)
  4 orcs (Orc:2)
  5 endoplasms
  A giant cockroach (D:2)
  10 goblins
  3 hobgoblins
  2 kobolds
  A quokka (D:2)
  A bat (D:2)
  A frilled lizard (D:2)
  A rat (D:2)
  3 briar patches (Swamp:4)
  20 foxfires
  78 fungi
  150 plants
531 creatures vanquished.

Grand Total: 2256 creatures vanquished

Notes
Turn   | Place    | Note
-------+----------+-------------------------------------------
     0 | D:1      | Zeldest the Troll Monk began the quest for the Orb.
     0 | D:1      | Reached XP level 1. HP: 22/22 MP: 0/0
    73 | D:2      | Reached XP level 2. HP: 29/29 MP: 1/1
    87 | D:2      | You fall into a shaft and drop 2 floors!
   151 | D:4      | Found a glowing drain.
   176 | Sewer    | Entered a sewer
   230 | Sewer    | Reached XP level 3. HP: 33/36 MP: 2/2
   261 | Sewer    | Reached skill level 1 in Armour
   352 | Sewer    | Reached skill level 4 in Unarmed Combat
   364 | Sewer    | Reached XP level 4. HP: 44/44 MP: 3/3
   393 | Sewer    | Noticed a bullfrog
   402 | Sewer    | Killed a bullfrog
   403 | Sewer    | Reached XP level 5. HP: 45/53 MP: 4/4
   423 | Sewer    | Reached skill level 5 in Unarmed Combat
   505 | D:4      | Noticed Menkaure
   509 | D:4      | Noticed Blork the orc
   516 | D:4      | Your ally Menkaure died
   520 | D:4      | Killed Blork the orc
   521 | D:4      | Reached XP level 6. HP: 40/61 MP: 5/5
   583 | D:4      | Found a basalt altar of Yredelemnul.
   639 | D:5      | Entered Level 5 of the Dungeon
   848 | D:5      | Reached skill level 6 in Unarmed Combat
   848 | D:5      | Reached XP level 7. HP: 53/68 MP: 6/6
  1024 | D:6      | Found a sacrificial altar of Ru.
  1219 | D:6      | Reached skill level 7 in Unarmed Combat
  1236 | D:6      | Found a staircase to the Ecumenical Temple.
  1280 | Temple   | Entered the Ecumenical Temple
  1280 | Temple   | Found a transporter.
  1280 | Temple   | Found a transporter.
  1324 | D:6      | Reached XP level 8. HP: 68/79 MP: 7/7
  1739 | D:7      | Reached skill level 1 in Evocations
  1748 | D:7      | Reached skill level 8 in Unarmed Combat
  1750 | D:7      | Reached skill level 5 in Fighting
  2031 | D:7      | Found an iron altar of Okawaru.
  2272 | D:8      | Reached XP level 9. HP: 76/84 MP: 8/8
  2276 | D:8      | Reached skill level 9 in Unarmed Combat
  2311 | D:8      | Found a flagged portal.
  2320 | Bailey   | Entered a bailey
  2406 | Bailey   | Noticed a kobold demonologist
  2423 | Bailey   | Killed a kobold demonologist
  2574 | Bailey   | Found an iron altar of Okawaru.
  2574 | Bailey   | Noticed an orc high priest
  2580 | Bailey   | Noticed an ice devil
  2584 | Bailey   | Noticed a soul eater
  2584 | Bailey   | Noticed an orange demon
  2594 | Bailey   | Killed an orc high priest
  2595 | Bailey   | Reached skill level 10 in Unarmed Combat
  2719 | D:8      | Noticed Maggie
  2725 | D:8      | Killed Maggie
  2726 | D:8      | Reached XP level 10. HP: 100/100 MP: 9/9
  3139 | D:9      | Noticed a two-headed ogre
  3140 | D:9      | Noticed Psyche
  3155 | D:9      | Killed a two-headed ogre
  3156 | D:9      | Reached skill level 11 in Unarmed Combat
  3159 | D:9      | Killed Psyche
  3199 | D:9      | Found a staircase to the Orcish Mines.
  3905 | D:10     | Entered Level 10 of the Dungeon
  3916 | D:10     | Reached skill level 12 in Unarmed Combat
  3946 | D:10     | Found a radiant altar of Vehumet.
  3949 | D:10     | Noticed a centaur warrior
  3955 | D:10     | Killed a centaur warrior
  3956 | D:10     | Reached skill level 5 in Evocations
  4100 | D:10     | Found a runed translucent door.
  4100 | D:10     | Noticed pigah's ghost (journeyman OpAE)
  4132 | D:10     | Reached XP level 11. HP: 60/109 MP: 10/10
  4199 | D:10     | Found a staircase to the Lair.
  4225 | Lair:1   | Entered Level 1 of the Lair of Beasts
  4429 | Lair:2   | Reached skill level 13 in Unarmed Combat
  4641 | Lair:3   | Noticed a six-headed hydra
  4674 | Lair:3   | Killed a six-headed hydra
  4877 | Lair:3   | Noticed a four-headed hydra
  4884 | Lair:3   | Killed a four-headed hydra
  4951 | Lair:3   | Noticed a seven-headed hydra
  4957 | Lair:3   | Killed a seven-headed hydra
  5053 | Lair:4   | Found a viscous altar of Jiyva.
  5082 | Lair:4   | Found a staircase to the Slime Pits.
  5092 | Lair:4   | Became a worshipper of Jiyva Jobeesto the Shapeless
  5092 | Lair:4   | Reached * piety under Jiyva
  5092 | Lair:4   | Reached ** piety under Jiyva
  5105 | Lair:4   | Reached skill level 14 in Unarmed Combat
  5110 | Lair:4   | Noticed a seven-headed hydra
  5230 | Lair:2   | Reached XP level 12. HP: 26/122 MP: 11/11
  5368 | D:7      | Noticed Joseph
  5380 | D:7      | Killed Joseph
  5999 | D:5      | Found a bloodstained altar of Trog.
  6096 | D:4      | Found Feun's Book Emporium.
  6126 | D:4      | Noticed Edmund
  6132 | D:4      | Killed Edmund
  6189 | D:4      | Identified the +5 ring mail "Kuczinoi" {rPois rF+}
  6244 | D:4      | Reached *** piety under Jiyva
  6477 | D:3      | Noticed Terence
  6480 | D:3      | Killed Terence
  6535 | D:3      | Identified the +6 whip of a wizard's laboratory {vorpal,
                  | Dex+3}
  6663 | D:3      | Gained mutation: You have supernaturally acute eyesight.
                  | (SInv) [Jiyva's grace]
  6663 | D:3      | Gained mutation: You are partially covered in iridescent
                  | scales. (AC +2) [Jiyva's grace]
  6663 | D:3      | Gained mutation: You are mostly covered in iridescent
                  | scales. (AC +4) [Jiyva's grace]
  6663 | D:3      | Gained mutation: You are completely covered in iridescent
                  | scales. (AC +6) [Jiyva's grace]
  6984 | D:3      | Found a glowing golden altar of the Shining One.
  7069 | D:2      | Reached **** piety under Jiyva
  7288 | D:2      | Killed Robin
  7554 | D:2      | Found a faded altar of an unknown god.
  7662 | D:2      | Found Kubil's Book Emporium.
  8065 | D:1      | Reached ***** piety under Jiyva
  8462 | D:1      | Lost mutation: You are completely covered in iridescent
                  | scales. (AC +6) [Jiyva's grace]
  8462 | D:1      | Lost mutation: You are mostly covered in iridescent scales.
                  | (AC +4) [Jiyva's grace]
  8462 | D:1      | Lost mutation: You have supernaturally acute eyesight.
                  | (SInv) [Jiyva's grace]
  8462 | D:1      | Gained mutation: You have a small jelly attached to you
                  | that senses nearby items. [Jiyva's grace]
  8462 | D:1      | Gained mutation: You have an increased reservoir of magic.
                  | (+10% MP) [Jiyva's grace]
  8462 | D:1      | Gained mutation: You have a considerably increased
                  | reservoir of magic. (+20% MP) [Jiyva's grace]
  8462 | D:1      | Gained mutation: You have a greatly increased reservoir of
                  | magic. (+30% MP) [Jiyva's grace]
  8745 | D:8      | Noticed Grum
  8752 | D:8      | Killed Grum
  8929 | D:10     | Found an opulent altar of Gozag.
  8930 | D:10     | Found a hide-covered altar of Uskayaw.
  9075 | D:10     | Noticed a catoblepas
  9095 | D:10     | Killed a catoblepas
  9116 | D:10     | Found a broken altar of Ashenzari.
  9399 | D:11     | Noticed a two-headed ogre
  9408 | D:11     | Killed a two-headed ogre
  9890 | D:11     | Reached ****** piety under Jiyva
 10151 | D:11     | Reached skill level 15 in Unarmed Combat
 10765 | Slime:1  | Entered Level 1 of the Pits of Slime
 10765 | Slime:1  | Noticed a quicksilver ooze
 10773 | Slime:2  | Noticed an acid blob
 10782 | Slime:2  | Noticed an acid blob
 10807 | Slime:4  | Noticed a great orb of eyes
 10813 | Slime:5  | Entered Level 5 of the Pits of Slime
 10821 | Slime:5  | Noticed an azure jelly
 10832 | Slime:5  | Found a viscous altar of Jiyva.
 10832 | Slime:5  | Noticed a quicksilver ooze
 10833 | Slime:5  | Noticed an acid blob
 10834 | Slime:5  | Noticed an acid blob
 10835 | Slime:5  | Noticed an acid blob
 10836 | Slime:5  | Noticed the Royal Jelly
 10839 | Slime:5  | Got a slimy rune of Zot
 10840 | Slime:5  | Noticed a great orb of eyes
 10841 | Slime:5  | Noticed a great orb of eyes
 10841 | Slime:5  | Noticed an acid blob
 10841 | Slime:5  | Noticed a rockslime
 10842 | Slime:5  | Noticed an azure jelly
 10844 | Slime:5  | Noticed an acid blob
 10848 | Slime:5  | Identified the ring of Yendor {MP+9 Int-5 Dex+7 SInv}
 10859 | Slime:5  | Identified the +1 cloak "Fyratuv" {rN+ Regen+ Dex+6 Slay+2}
 10871 | Slime:5  | Identified the +1 troll leather armour of Eplu Doy {Harm
                  | rElec Will++ Regen+ rCorr}
 10909 | Slime:4  | Noticed an acid blob
 10912 | Slime:3  | Noticed a great orb of eyes
 11049 | Lair:4   | Lost mutation: You are partially covered in iridescent
                  | scales. (AC +2) [Jiyva's grace]
 11049 | Lair:4   | Lost mutation: You have a greatly increased reservoir of
                  | magic. (+30% MP) [Jiyva's grace]
 11049 | Lair:4   | Gained mutation: You are partially covered in large bone
                  | plates. (SH +4) [Jiyva's grace]
 11049 | Lair:4   | Gained mutation: You are mostly covered in large bone
                  | plates. (SH +6) [Jiyva's grace]
 11049 | Lair:4   | Gained mutation: You are completely covered in large bone
                  | plates. (SH +8) [Jiyva's grace]
 11049 | Lair:4   | Gained mutation: You have sharp toenails. [Jiyva's grace]
 11071 | Lair:4   | Slimified a seven-headed hydra
 11071 | Lair:4   | a seven-headed hydra changed into a slime creature
 11100 | Lair:4   | Noticed Sonja
 11101 | Lair:4   | Killed Sonja
 11111 | Lair:4   | Noticed a five-headed hydra
 11121 | Lair:4   | Slimified a five-headed hydra
 11121 | Lair:4   | a five-headed hydra changed into a slime creature
 11282 | Lair:4   | Noticed a four-headed hydra
 11289 | Lair:4   | Killed a four-headed hydra
 11732 | Lair:5   | Entered Level 5 of the Lair of Beasts
 11747 | Lair:5   | Reached XP level 13. HP: 126/133 MP: 14/14
 11831 | Lair:4   | Reached skill level 16 in Unarmed Combat
 11853 | Lair:5   | Noticed Nessos
 11862 | Lair:5   | Killed Nessos
 11946 | Lair:5   | Reached skill level 10 in Fighting
 12217 | Lair:4   | Reached skill level 5 in Armour
 12633 | Lair:5   | Reached skill level 17 in Unarmed Combat
 12651 | Lair:5   | Lost mutation: You are completely covered in large bone
                  | plates. (SH +8) [Jiyva's grace]
 12651 | Lair:5   | Gained mutation: You expend magic power (3 MP) to
                  | strengthen your wands. [Jiyva's grace]
 12651 | Lair:5   | Gained mutation: Your flesh is heat resistant. (rF+)
                  | [Jiyva's grace]
 12651 | Lair:5   | Gained mutation: Your flesh is very heat resistant. (rF++)
                  | [Jiyva's grace]
 12651 | Lair:5   | Gained mutation: Your flesh is almost immune to the effects
                  | of heat. (rF+++) [Jiyva's grace]
 12867 | Lair:5   | Reached XP level 14. HP: 104/144 MP: 15/15
 13256 | Lair:3   | Found a staircase to the Snake Pit.
 13387 | Lair:3   | Noticed an acid blob
 13387 | Lair:3   | a five-headed hydra changed into an acid blob
 13632 | Lair:3   | Found a staircase to the Swamp.
 13781 | Lair:2   | Noticed Harold
 13799 | Lair:2   | Killed Harold
 13863 | Lair:2   | Noticed Nergalle
 13873 | Lair:2   | Killed Nergalle
 14462 | Lair:1   | Noticed Urug
 14473 | Lair:1   | Killed Urug
 14726 | Lair:1   | Identified the +5 leather armour of Fanaticism {rN+}
 14825 | Lair:1   | Lost mutation: You are mostly covered in large bone plates.
                  | (SH +6) [Jiyva's grace]
 14825 | Lair:1   | Lost mutation: Your flesh is almost immune to the effects
                  | of heat. (rF+++) [Jiyva's grace]
 14825 | Lair:1   | Lost mutation: You have a considerably increased reservoir
                  | of magic. (+20% MP) [Jiyva's grace]
 14825 | Lair:1   | Lost mutation: You have an increased reservoir of magic.
                  | (+10% MP) [Jiyva's grace]
 14825 | Lair:1   | Gained mutation: You are covered in slimy tendrils that may
                  | disarm your opponents. [Jiyva's grace]
 14825 | Lair:1   | Gained mutation: Your spells are a little harder to cast,
                  | but a little more powerful. [Jiyva's grace]
 14825 | Lair:1   | Gained mutation: Your spells are harder to cast, but more
                  | powerful. [Jiyva's grace]
 14825 | Lair:1   | Gained mutation: Your spells are much harder to cast, but
                  | much more powerful. [Jiyva's grace]
 15129 | Orc:1    | Entered Level 1 of the Orcish Mines
 15300 | Orc:2    | Entered Level 2 of the Orcish Mines
 15400 | Orc:2    | Found a staircase to the Elven Halls.
 15551 | Orc:2    | Noticed an orc warlord
 15557 | Orc:2    | Slimified an orc warlord
 15557 | Orc:2    | Noticed an acid blob
 15557 | Orc:2    | an orc warlord changed into an acid blob
 15645 | Orc:2    | Found Diuh's General Store.
 15650 | Orc:2    | Bought a wand of mindburst (5) for 98 gold pieces
 15853 | Orc:2    | Found Zoibrare's Jewellery Shop.
 15980 | Orc:2    | Reached skill level 18 in Unarmed Combat
 15997 | Orc:2    | Noticed Saint Roka
 16014 | Orc:2    | Slimified Saint Roka
 16014 | Orc:2    | Noticed Saint Roka
 16014 | Orc:2    | Saint Roka changed into Saint Roka the acid blob
 16060 | Orc:2    | Found Toseppof's Antique Armour Emporium.
 16065 | Orc:2    | Found Xuav's Antique Weapon Shoppe.
 16144 | Orc:1    | Paralysed by an orc sorcerer for 2 turns
 16426 | D:12     | Identified the +6 rapier of Ru's Regard {pain, Will+ Dex+2
                  | Stlth+}
 17328 | Orc:2    | Bought an amulet of guardian spirit for 450 gold pieces
 17504 | D:13     | Lost mutation: Your spells are much harder to cast, but
                  | much more powerful. [Jiyva's grace]
 17504 | D:13     | Lost mutation: Your spells are harder to cast, but more
                  | powerful. [Jiyva's grace]
 17504 | D:13     | Lost mutation: You expend magic power (3 MP) to strengthen
                  | your wands. [Jiyva's grace]
 17504 | D:13     | Gained mutation: A frigid envelope surrounds you and
                  | freezes all who hurt you. [Jiyva's grace]
 17504 | D:13     | Gained mutation: Your body has grown eyes which may confuse
                  | attackers. (Acc +3) [Jiyva's grace]
 17504 | D:13     | Gained mutation: Your body has grown many eyes which may
                  | confuse attackers. (Acc +5) [Jiyva's grace]
 17504 | D:13     | Gained mutation: Your body is covered in eyes which may
                  | confuse attackers. (Acc +7, SInv) [Jiyva's grace]
 17770 | D:13     | Reached XP level 15. HP: 144/154 MP: 14/14
 17966 | D:13     | Found a gate to the Vaults.
 18075 | D:13     | Found a sparkling altar of Nemelex Xobeh.
 18327 | D:14     | Found a bloodstained altar of Trog.
 18393 | D:14     | Found a gate leading to a gauntlet.
 18402 | Gauntlet | Entered a Gauntlet
 18402 | Gauntlet | Found a transporter.
 18402 | Gauntlet | Found a transporter.
 18402 | Gauntlet | Found a transporter.
 18406 | Gauntlet | Found a transporter.
 18406 | Gauntlet | Found a transporter.
 18406 | Gauntlet | Found a transporter.
 18408 | Gauntlet | Found a large runed translucent door.
 18409 | Gauntlet | Found a large runed translucent door.
 18410 | Gauntlet | Found a large runed translucent door.
 18410 | Gauntlet | Found a large runed translucent door.
 18410 | Gauntlet | Found a runed translucent door.
 18410 | Gauntlet | Found a runed translucent door.
 18411 | Gauntlet | Found a large runed translucent door.
 18411 | Gauntlet | Found a large runed translucent door.
 18411 | Gauntlet | Found a large runed translucent door.
 18411 | Gauntlet | Found a large runed translucent door.
 18412 | Gauntlet | Found a large runed translucent door.
 18412 | Gauntlet | Found a large runed translucent door.
 18413 | Gauntlet | Found a large runed translucent door.
 18413 | Gauntlet | Found a large runed translucent door.
 18414 | Gauntlet | Found a runed translucent gate.
 18414 | Gauntlet | Found a runed translucent gate.
 18414 | Gauntlet | Found a runed translucent gate.
 18416 | Gauntlet | Found a transporter.
 18420 | Gauntlet | Found a transporter.
 18432 | Gauntlet | Found a transporter.
 18436 | Gauntlet | Found a transporter.
 18454 | Gauntlet | Found a transporter.
 18458 | Gauntlet | Found a transporter.
 18525 | Gauntlet | Found a large runed translucent door.
 18525 | Gauntlet | Found a large runed translucent door.
 18528 | Gauntlet | Found a large runed translucent door.
 18528 | Gauntlet | Found a large runed translucent door.
 18693 | Gauntlet | Identified the ring "Ujownoeff" {rC+ Str+4 Dex+7}
 18798 | D:14     | Identified the ring of Cukom {+Blink Will+ MP+9 Str-2
                  | Dex+4}
 18865 | D:14     | Reached skill level 1 in Throwing
 18945 | D:14     | Lost mutation: A frigid envelope surrounds you and freezes
                  | all who hurt you. [Jiyva's grace]
 18945 | D:14     | Lost mutation: Your body is covered in eyes which may
                  | confuse attackers. (Acc +7, SInv) [Jiyva's grace]
 18945 | D:14     | Lost mutation: You have a small jelly attached to you that
                  | senses nearby items. [Jiyva's grace]
 18945 | D:14     | Gained mutation: You have razor-sharp toenails. [Jiyva's
                  | grace]
 18945 | D:14     | Gained mutation: You have claws for feet. [Jiyva's grace]
 18945 | D:14     | Gained mutation: Your flesh is almost immune to the effects
                  | of heat. (rF+++) [Jiyva's grace]
 18945 | D:14     | Gained mutation: Your flesh is cold resistant. (rC+)
                  | [Jiyva's grace]
 18980 | D:14     | Noticed Frances
 18988 | D:14     | Killed Frances
 18989 | D:14     | Reached skill level 19 in Unarmed Combat
 19283 | D:14     | Noticed an azure jelly
 19283 | D:14     | an eight-headed hydra changed into an azure jelly
 19332 | D:14     | Reached skill level 10 in Evocations
 19333 | D:14     | Noticed an acid blob
 19333 | D:14     | an eight-headed hydra changed into an acid blob
 19734 | D:15     | Entered Level 15 of the Dungeon
 19924 | D:15     | Found a staircase to the Depths.
 19924 | D:15     | Noticed a fire giant
 19934 | D:15     | Killed a fire giant
 20646 | Snake:1  | Entered Level 1 of the Snake Pit
 20764 | Snake:1  | Found a runed translucent door.
 20764 | Snake:1  | Found a shimmering altar of Xom.
 20764 | Snake:1  | Noticed nickcage's ghost (adept MiAK)
 21008 | Snake:1  | Noticed Aizul
 21015 | Snake:1  | Killed Aizul
 21068 | Snake:1  | Reached skill level 20 in Unarmed Combat
 21118 | Snake:1  | Lost mutation: You are partially covered in large bone
                  | plates. (SH +4) [Jiyva's grace]
 21118 | Snake:1  | Lost mutation: Your flesh is almost immune to the effects
                  | of heat. (rF+++) [Jiyva's grace]
 21118 | Snake:1  | Lost mutation: Your flesh is very heat resistant. (rF++)
                  | [Jiyva's grace]
 21118 | Snake:1  | Lost mutation: Your flesh is heat resistant. (rF+) [Jiyva's
                  | grace]
 21118 | Snake:1  | Lost mutation: Your body has grown many eyes which may
                  | confuse attackers. (Acc +5) [Jiyva's grace]
 21118 | Snake:1  | Lost mutation: You are covered in slimy tendrils that may
                  | disarm your opponents. [Jiyva's grace]
 21118 | Snake:1  | Gained mutation: You are covered in thick fur. (AC +2)
                  | [Jiyva's grace]
 21118 | Snake:1  | Gained mutation: Your thick and shaggy fur keeps you warm.
                  | (AC +3, rC+) [Jiyva's grace]
 21118 | Snake:1  | Gained mutation: You have acidic saliva. [Jiyva's grace]
 21118 | Snake:1  | Gained mutation: Your spells are harder to cast, but more
                  | powerful. [Jiyva's grace]
 21567 | Snake:1  | Killed nickcage's ghost
 21713 | Snake:2  | Reached XP level 16. HP: 148/165 MP: 15/15
 22417 | Snake:3  | Found a shimmering altar of Xom.
 22552 | Snake:3  | Reached skill level 1 in Shields
 22655 | Snake:3  | Reached skill level 21 in Unarmed Combat
 22932 | Snake:3  | Lost mutation: You have claws for feet. [Jiyva's grace]
 22932 | Snake:3  | Lost mutation: You have razor-sharp toenails. [Jiyva's
                  | grace]
 22932 | Snake:3  | Lost mutation: Your spells are harder to cast, but more
                  | powerful. [Jiyva's grace]
 22932 | Snake:3  | Gained mutation: Your melee attacks may engulf your foes in
                  | ooze. [Jiyva's grace]
 22932 | Snake:3  | Gained mutation: Your spells are harder to cast, but more
                  | powerful. [Jiyva's grace]
 22932 | Snake:3  | Gained mutation: Your spells are much harder to cast, but
                  | much more powerful. [Jiyva's grace]
 22932 | Snake:3  | Gained mutation: Your movements are slightly less
                  | encumbered by armour. (ER -2) [Jiyva's grace]
 23124 | Snake:3  | Identified the +3 plate armour of Ramonu {Drain rF++}
 23215 | Snake:4  | Entered Level 4 of the Snake Pit
 23260 | Snake:4  | Found a runed translucent door.
 23260 | Snake:4  | Found a shimmering altar of Xom.
 23260 | Snake:4  | Noticed jfcaron's ghost (adept GnHu)
 24656 | Snake:4  | Noticed a quicksilver dragon
 24657 | Snake:4  | Noticed a quicksilver dragon
 24661 | Snake:4  | Slimified a quicksilver dragon
 24661 | Snake:4  | a quicksilver dragon changed into an azure jelly
 24664 | Snake:4  | Killed a quicksilver dragon
 24665 | Snake:4  | Reached skill level 22 in Unarmed Combat
 24673 | Snake:4  | Got a serpentine rune of Zot
 24946 | Swamp:1  | Entered Level 1 of the Swamp
 24951 | Swamp:1  | Reached XP level 17. HP: 163/175 MP: 16/16
 25184 | Swamp:1  | Found a transporter.
 25191 | Swamp:1  | Found a transporter.
 25212 | Swamp:1  | Noticed JakeJacob's ghost (journeyman MiBe)
 25216 | Swamp:1  | Noticed a tentacled monstrosity
 25303 | Swamp:1  | Gained mutation: You are partially covered in iridescent
                  | scales. (AC +2) [Jiyva's grace]
 25303 | Swamp:1  | Gained mutation: You are mostly covered in iridescent
                  | scales. (AC +4) [Jiyva's grace]
 25303 | Swamp:1  | Gained mutation: You are completely covered in iridescent
                  | scales. (AC +6) [Jiyva's grace]
 25303 | Swamp:1  | Gained mutation: Your rubbery body absorbs attacks. (AC +1,
                  | EV +1) [Jiyva's grace]
 25553 | Swamp:1  | Identified the +2 helmet of Baugokk {rPois Dex+4 Slay-3}
 25920 | Swamp:2  | Reached skill level 10 in Armour
 25925 | Swamp:2  | Reached skill level 5 in Shields
 26520 | Swamp:3  | Noticed Mara
 26528 | Swamp:3  | Noticed Zeldest's illusion
 26536 | Swamp:3  | Noticed Zeldest's illusion
 26541 | Swamp:3  | Killed Mara
 26740 | Swamp:4  | Entered Level 4 of the Swamp
 26907 | Swamp:4  | Reached XP level 18. HP: 187/187 MP: 17/17
 26954 | Swamp:4  | Lost mutation: You are completely covered in iridescent
                  | scales. (AC +6) [Jiyva's grace]
 26954 | Swamp:4  | Lost mutation: Your rubbery body absorbs attacks. (AC +1,
                  | EV +1) [Jiyva's grace]
 26954 | Swamp:4  | Gained mutation: You are completely covered in iridescent
                  | scales. (AC +6) [Jiyva's grace]
 26954 | Swamp:4  | Gained mutation: Your body has grown many eyes which may
                  | confuse attackers. (Acc +5) [Jiyva's grace]
 26954 | Swamp:4  | Gained mutation: Your body is covered in eyes which may
                  | confuse attackers. (Acc +7, SInv) [Jiyva's grace]
 26954 | Swamp:4  | Gained mutation: Your mind is acute. (Int +4, Str/Dex -1)
                  | [Jiyva's grace]
 27016 | Swamp:4  | Reached skill level 23 in Unarmed Combat
 27153 | Swamp:4  | Got a decaying rune of Zot
 27692 | Vaults:1 | Entered Level 1 of the Vaults
 28810 | Vaults:2 | Noticed Sojobo
 28818 | Vaults:2 | Slimified Sojobo
 28818 | Vaults:2 | Noticed Sojobo
 28818 | Vaults:2 | Sojobo changed into Sojobo the azure jelly
 29125 | Vaults:2 | Lost mutation: Your thick and shaggy fur keeps you warm.
                  | (AC +3, rC+) [Jiyva's grace]
 29125 | Vaults:2 | Lost mutation: Your spells are much harder to cast, but
                  | much more powerful. [Jiyva's grace]
 29125 | Vaults:2 | Lost mutation: Your spells are harder to cast, but more
                  | powerful. [Jiyva's grace]
 29125 | Vaults:2 | Lost mutation: You have acidic saliva. [Jiyva's grace]
 29125 | Vaults:2 | Lost mutation: Your body is covered in eyes which may
                  | confuse attackers. (Acc +7, SInv) [Jiyva's grace]
 29125 | Vaults:2 | Lost mutation: Your body has grown many eyes which may
                  | confuse attackers. (Acc +5) [Jiyva's grace]
 29125 | Vaults:2 | Lost mutation: Your melee attacks may engulf your foes in
                  | ooze. [Jiyva's grace]
 29125 | Vaults:2 | Gained mutation: You have a small jelly attached to you
                  | that may absorb projectiles. [Jiyva's grace]
 29125 | Vaults:2 | Gained mutation: Your spells are harder to cast, but more
                  | powerful. [Jiyva's grace]
 29125 | Vaults:2 | Gained mutation: Your spells are much harder to cast, but
                  | much more powerful. [Jiyva's grace]
 29125 | Vaults:2 | Gained mutation: Your melee attacks may engulf your foes in
                  | ooze. [Jiyva's grace]
 29194 | Vaults:2 | Reached XP level 19. HP: 197/197 MP: 18/18
 30390 | Vaults:3 | Found a staircase to the Crypt.
 30730 | Vaults:4 | Identified 2 scrolls of acquirement
 30772 | Vaults:3 | Acquired 1081 gold pieces
 30774 | Vaults:3 | Acquired a manual of Armour
 31011 | Vaults:4 | Found Kaoteiz's Magic Scroll Shop.
 31019 | Vaults:4 | Bought a scroll of enchant armour for 120 gold pieces
 31019 | Vaults:4 | Bought a scroll of teleportation for 48 gold pieces
 31019 | Vaults:4 | Bought a scroll of teleportation for 48 gold pieces
 31055 | Vaults:4 | Lost mutation: You are completely covered in iridescent
                  | scales. (AC +6) [Jiyva's grace]
 31055 | Vaults:4 | Lost mutation: Your spells are much harder to cast, but
                  | much more powerful. [Jiyva's grace]
 31055 | Vaults:4 | Lost mutation: You have a small jelly attached to you that
                  | may absorb projectiles. [Jiyva's grace]
 31055 | Vaults:4 | Gained mutation: Your rubbery body absorbs attacks. (AC +1,
                  | EV +1) [Jiyva's grace]
 31055 | Vaults:4 | Gained mutation: Your pliable body absorbs attacks. (AC +2,
                  | EV +2) [Jiyva's grace]
 31055 | Vaults:4 | Gained mutation: Your gelatinous body deflects attacks. (AC
                  | +3, EV +3) [Jiyva's grace]
 31055 | Vaults:4 | Gained mutation: You have acidic saliva. [Jiyva's grace]
 31093 | Vaults:4 | Found Xafesh's Antique Armour Shoppe.
 31104 | Vaults:4 | Found Pic Guyprett's Antique Weapon Shoppe.
 31112 | Vaults:4 | Bought a glowing giant spiked club for 83 gold pieces
 31172 | Vaults:4 | Reached skill level 24 in Unarmed Combat
 31560 | Vaults:4 | Found the brooch of Shielding {Spirit SH+8}
 31568 | Vaults:4 | Noticed Ulaemata's ghost (adept HaHu)
 31577 | Vaults:4 | Found a transporter.
 31597 | Vaults:4 | Found a transporter.
 31631 | Vaults:4 | Found Cufow's Distillery.
 31639 | Vaults:4 | Bought a potion of curing for 36 gold pieces
 31639 | Vaults:4 | Bought a potion of curing for 36 gold pieces
 31639 | Vaults:4 | Bought a potion of heal wounds for 60 gold pieces
 31639 | Vaults:4 | Bought a potion of haste for 120 gold pieces
 31639 | Vaults:4 | Bought a potion of lignification for 36 gold pieces
 31701 | Vaults:4 | Killed Ulaemata's ghost
 31869 | Vaults:4 | Got Aseen's Quarto of Bolts
 31877 | Vaults:4 | Noticed Mennas
 31910 | Vaults:4 | Killed Mennas
 31911 | Vaults:4 | Reached XP level 20. HP: 126/208 MP: 16/19
 32219 | Elf:1    | Entered Level 1 of the Elven Halls
 32305 | Elf:1    | Identified the +6 flail of the Dripping Oracle {antimagic,
                  | *Slow Int+4 Dex+3 SInv}
 32839 | Elf:1    | Identified the +2 leather armour of Gallantry {Dex+4}
 33063 | Elf:2    | Reached skill level 15 in Fighting
 33173 | Elf:2    | Reached skill level 10 in Shields
 33383 | Elf:2    | Identified the +2 robe "Tita Yru" {rC+}
 33589 | Elf:2    | Found a huge runed translucent gate.
 33589 | Elf:2    | Found a huge runed translucent gate.
 33590 | Elf:2    | Found a huge runed translucent gate.
 33591 | Elf:2    | Found a huge runed translucent gate.
 33595 | Elf:2    | Found a huge runed translucent gate.
 33767 | Elf:3    | Entered Level 3 of the Elven Halls
 33776 | Elf:3    | Lost mutation: Your mind is acute. (Int +4, Str/Dex -1)
                  | [Jiyva's grace]
 33776 | Elf:3    | Lost mutation: Your flesh is cold resistant. (rC+) [Jiyva's
                  | grace]
 33776 | Elf:3    | Lost mutation: Your spells are harder to cast, but more
                  | powerful. [Jiyva's grace]
 33776 | Elf:3    | Gained mutation: You are covered in slimy tendrils that may
                  | disarm your opponents. [Jiyva's grace]
 33776 | Elf:3    | Gained mutation: You passively map a small area around you.
                  | [Jiyva's grace]
 33776 | Elf:3    | Gained mutation: You passively map the area around you.
                  | [Jiyva's grace]
 33776 | Elf:3    | Gained mutation: You passively map a large area around you.
                  | [Jiyva's grace]
 34388 | Elf:3    | Identified the ring of the Wild Haggis {rElec rPois}
 34614 | Elf:3    | Paralysed by an air elemental for 1 turns
 34679 | Elf:3    | Paralysed by an air elemental for 1 turns
 34701 | Elf:3    | Got the Compendium of Conjuration and the Commander
 35402 | Depths:1 | Entered Level 1 of the Depths
 35549 | Depths:1 | Reached XP level 21. HP: 198/219 MP: 18/20
 35742 | Depths:1 | Identified the +4 dagger "Ynodery" {vorpal, rElec rCorr
                  | Str+3}
 35747 | Depths:1 | Found a gateway to Hell.
 35750 | Depths:1 | Found a hide-covered altar of Uskayaw.
 35930 | Depths:1 | Found a shimmering blue altar of Sif Muna.
 36242 | Depths:2 | Found a one-way gate leading to the halls of Pandemonium.
 36401 | Depths:2 | Found a one-way gateway to a ziggurat.
 36506 | Depths:2 | Lost mutation: You have sharp toenails. [Jiyva's grace]
 36506 | Depths:2 | Lost mutation: You are mostly covered in iridescent scales.
                  | (AC +4) [Jiyva's grace]
 36506 | Depths:2 | Lost mutation: You passively map a large area around you.
                  | [Jiyva's grace]
 36506 | Depths:2 | Lost mutation: Your spells are a little harder to cast, but
                  | a little more powerful. [Jiyva's grace]
 36506 | Depths:2 | Lost mutation: Your gelatinous body deflects attacks. (AC
                  | +3, EV +3) [Jiyva's grace]
 36506 | Depths:2 | Gained mutation: Your translucent skin slightly reduces
                  | your foes' accuracy. (Stealth+) [Jiyva's grace]
 36506 | Depths:2 | Gained mutation: Your translucent skin reduces your foes'
                  | accuracy. (Stealth+) [Jiyva's grace]
 36506 | Depths:2 | Gained mutation: Your transparent skin significantly
                  | reduces your foes' accuracy. (Stealth+) [Jiyva's grace]
 36506 | Depths:2 | Gained mutation: You have sharp toenails. [Jiyva's grace]
 36897 | Depths:3 | Found a flickering gateway to a bazaar.
 36904 | Bazaar   | Entered a bazaar
 36908 | Bazaar   | Found Xoibal's Jewellery Boutique.
 36930 | Bazaar   | Found Zigreob's Weapon Emporium.
 36951 | Bazaar   | Found Noub's Book Boutique.
 36971 | Bazaar   | Found Xidabic's Antique Weapon Shoppe.
 36998 | Bazaar   | Bought the amulet "Koimuvo Osez" {Faith rF+ Int+5 Dex-4
                  | Slay+2} for 967 gold pieces
 37106 | Depths:3 | Reached skill level 15 in Armour
 37238 | Depths:3 | Noticed a juggernaut
 37260 | Depths:3 | Identified the +8 scale mail of the Planets {rF+ rCorr
                  | Str-3 Int+4}
 37261 | Depths:3 | Noticed a caustic shrike
 37269 | Depths:3 | Noticed a juggernaut
 37270 | Depths:3 | Killed a caustic shrike
 37281 | Depths:3 | Killed a juggernaut
 37282 | Depths:3 | Reached skill level 25 in Unarmed Combat
 37553 | Depths:3 | Found a one-way gate to the infinite horrors of the Abyss.
 37911 | Depths:3 | Found a portal to a secret trove of treasure.
 37911 | Depths:3 | Noticed a caustic shrike
 37925 | Depths:3 | Killed a caustic shrike
 37934 | Depths:3 | Killed a juggernaut
 38006 | Depths:3 | You showed the slimy rune of Zot to enter a treasure trove
 38007 | Trove    | Entered a treasure trove
 38012 | Trove    | Found the +5 robe of Night {Dark Will+ SInv}
 38014 | Trove    | Identified the +16 gold dragon scales of Icera {rPois rF+
                  | rC+ rCorr Str+2 Dex+4}
 38025 | Trove    | Identified the +0 hat "Ygeo" {Slay+2}
 38032 | Trove    | Got Wyzoux's Secrets of Displacement
 38042 | Trove    | Identified the ring "Duderha" {rPois Int+3}
 38103 | Depths:3 | Found a blossoming altar of Fedhas.
 38352 | Depths:4 | Entered Level 4 of the Depths
 38389 | Depths:4 | Identified the +3 barding of Atopn {rF- Dex+7}
 38464 | Depths:4 | Reached XP level 22. HP: 229/231 MP: 21/21
 38499 | Depths:4 | Found a gate to the Realm of Zot.
 38531 | Depths:4 | Noticed a juggernaut
 38547 | Depths:4 | Killed a juggernaut
 38601 | Depths:4 | Lost mutation: You are partially covered in iridescent
                  | scales. (AC +2) [Jiyva's grace]
 38601 | Depths:4 | Lost mutation: You passively map the area around you.
                  | [Jiyva's grace]
 38601 | Depths:4 | Lost mutation: Your pliable body absorbs attacks. (AC +2,
                  | EV +2) [Jiyva's grace]
 38601 | Depths:4 | Lost mutation: Your movements are slightly less encumbered
                  | by armour. (ER -2) [Jiyva's grace]
 38601 | Depths:4 | Gained mutation: You have razor-sharp toenails. [Jiyva's
                  | grace]
 38601 | Depths:4 | Gained mutation: You have claws for feet. [Jiyva's grace]
 38601 | Depths:4 | Gained mutation: Your body has grown many eyes which may
                  | confuse attackers. (Acc +5) [Jiyva's grace]
 38601 | Depths:4 | Gained mutation: Your body is covered in eyes which may
                  | confuse attackers. (Acc +7, SInv) [Jiyva's grace]
 39337 | Zot:1    | Entered Level 1 of the Realm of Zot
 39387 | Zot:1    | Noticed a golden dragon
 39397 | Depths:4 | Killed a golden dragon
 39478 | Zot:1    | Noticed a golden dragon
 39489 | Zot:1    | Killed a golden dragon
 39993 | Zot:3    | Noticed a Killer Klown
 40000 | Zot:3    | Killed a Killer Klown
 40098 | Zot:3    | Found a runed translucent gate.
 40099 | Zot:3    | Found a runed translucent gate.
 40100 | Zot:3    | Found a runed translucent gate.
 40102 | Zot:3    | Noticed Donez's ghost (legendary MiBe)
 40102 | Zot:3    | Noticed a golden dragon
 40157 | Zot:5    | Entered Level 5 of the Realm of Zot
 40200 | Zot:5    | Lost mutation: You have claws for feet. [Jiyva's grace]
 40200 | Zot:5    | Lost mutation: You passively map a small area around you.
                  | [Jiyva's grace]
 40200 | Zot:5    | Lost mutation: Your melee attacks may engulf your foes in
                  | ooze. [Jiyva's grace]
 40200 | Zot:5    | Gained mutation: Your pliable body absorbs attacks. (AC +2,
                  | EV +2) [Jiyva's grace]
 40200 | Zot:5    | Gained mutation: Your gelatinous body deflects attacks. (AC
                  | +3, EV +3) [Jiyva's grace]
 40200 | Zot:5    | Gained mutation: Your thick and shaggy fur keeps you warm.
                  | (AC +3, rC+) [Jiyva's grace]
 40200 | Zot:5    | Gained mutation: You have claws for feet. [Jiyva's grace]
 40461 | Zot:5    | Reached XP level 23. HP: 234/241 MP: 22/22
 40465 | Zot:5    | Reached skill level 15 in Evocations
 40538 | Zot:5    | Noticed a Killer Klown
 40553 | Zot:5    | Noticed a dread lich
 40572 | Zot:5    | Killed a dread lich
 40585 | Zot:5    | Killed a Killer Klown
 40602 | Zot:5    | Acquired the +12 tower shield "Areculyi" {rN+}
 40649 | Zot:5    | Noticed an orb of fire
 40665 | Zot:5    | Killed an orb of fire
 40672 | Zot:5    | Noticed a Killer Klown
 40681 | Zot:5    | Killed a Killer Klown
 40682 | Zot:5    | Reached skill level 26 in Unarmed Combat
 40682 | Zot:5    | Noticed a Killer Klown
 40684 | Zot:5    | Noticed an orb of fire
 40685 | Zot:5    | Noticed a Killer Klown
 40695 | Zot:5    | Noticed an orb of fire
 40698 | Zot:5    | Gained mutation: You are clumsy. (Dex -2) [an orb of fire]
 40712 | Zot:5    | Gained mutation: You occasionally lose the ability to drink
                  | potions when taking damage. [an orb of fire]
 40715 | Zot:5    | Killed a Killer Klown
 40718 | Zot:5    | Killed an orb of fire
 40727 | Zot:5    | Killed an orb of fire
 40738 | Zot:5    | Killed a Killer Klown
 40763 | Zot:5    | Noticed a dread lich
 40825 | Zot:5    | Killed a dread lich
 40893 | Zot:5    | Noticed an ancient lich
 40894 | Zot:5    | Got the Orb of Zot
 40894 | Zot:5    | Noticed an orb of fire
 41029 | Zot:1    | You fall into a shaft and drop 1 floor!
 41163 | D:15     | Reached skill level 27 in Unarmed Combat
 41312 | D:8      | Noticed Ramextu the pandemonium lord
 41440 | D:$      | Escaped with the Orb!

Illustrated notes

Levels and vault maps discovered:
D:1:      nicolae_arrival_memento_mori, layout_loops_ring
D:2:      wad_river_or_something, layout_loops_corners, serial_shops, shop,
          hellmonk_ecumenical_altar_heavens_door, uniq_robin
D:3:      layout_loops_ring, tso_altar, uniq_terence
D:4:      layout_cave_pools, lemuel_zombie_altar_yredelemnul, serial_shops,
          nicolae_shop_hallway_stairs, portal_sewer_entry_f, uniq_blork_the_orc,
          uniq_menkaure, uniq_edmund
D:5:      layout_rooms, mainiacjoe_overflow_six_doors_small, chequers_jeans
D:6:      layout_basic, mainiacjoe_overflow_small_starburst,
          minmay_temple_entry_mini_moons
D:7:      layout_cave_pools, nicolae_overflow_hidden_temple, kennysheep_doodads,
          uniq_joseph
D:8:      layout_cave_pools, enter_bailey_2, minmay_door_square, uniq_grum,
          uniq_maggie
D:9:      layout_loops_ring, orc_0_dummy, minivault_11, uniq_psyche
D:10:     layout_roguey, nicolae_overflow_squiral, lair_entry_dummy,
          hellmonk_ghost_happy_afterlife, serial_corexii_hall,
          corexii_hall_statues_i, corexii_hall_statues_i,
          corexii_hall_statues_deadend, corexii_hall_statues_deadend,
          hangedman_feature_mirror
D:11:     layout_stronghold
D:12:     layout_roguey [special_room_orc], serial_rivers,
          chequers_serial_rivers_micro_d, chequers_serial_rivers_large_b,
          chequers_serial_rivers_micro_e, chequers_serial_rivers_small_3,
          chequers_serial_rivers_small_3, chequers_serial_rivers_micro_b
D:13:     layout_gridville, david_vaults_1, nemelex_lonely_heart_becter
D:14:     kennysheep_green_arena, layout_basic, gauntlet_entry_generic,
          trog_three_pillars_becter, uniq_frances
D:15:     grunt_enter_depths_giant_problem, layout_cave_pods,
          reono_crystal_passage
Temple:   hellmonk_temple_divided_pantheon
Lair:1:   layout_long_grid, serial_bayou_shore_b, serial_bayou_shore_b,
          grunt_megastairs_4, uniq_urug
Lair:2:   layout_gridlike, serial_bayou_pond_c, infiniplex_staircase_pool,
          lemuel_fruit_fields, uniq_harold, uniq_nergalle
Lair:3:   layout_regular_city, palyth_hydra_swamp_entry,
          guppyfry_snake_entry_island, serial_bayou_shore_a
Lair:4:   layout_regular_city, nicolae_slime_entry_slimehenge,
          portal_ice_cave_rime, grunt_megastairs_1, uniq_sonja
Lair:5:   evilmike_catoblepas_cave, layout_regular_city,
          hangedman_lair_generics_rect, grunt_megastairs_2, lemuel_fruit_tree,
          uniq_nessos
Swamp:1:  nicolae_swamp_flooded_prison, layout_basic_swamp,
          gammafunk_ghost_arena, evilmike_swamp_ruin_house_1
Swamp:2:  nicolae_swamp_husk_halls, layout_basic_swamp, evilmike_swamp_ruin_wall
Swamp:3:  layout_basic_swamp, nicolae_swamp_trees_clearing,
          roderic_carrion_pond, uniq_mara
Swamp:4:  swamp_basic_johnstein, layout_basic_swamp, swamp_pool4
Snake:1:  layout_cave_pods, ebering_ghost_xom, uniq_aizul
Snake:2:  layout_misc_corridors
Snake:3:  layout_cave_town, basic_altar, nicolae_snake_gridmaze_squiggle,
          nicolae_snake_storage_room
Snake:4:  hellmonk_snake_rune_quicksilver_temple, layout_layer_cave,
          ebering_ghost_xom, serial_bayou_ford_a, nicolae_snake_shapes
Slime:1:  layout_caves
Slime:2:  layout_caves
Slime:3:  layout_caves, cheibrodos_slime_lost_civilization_5
Slime:4:  layout_caves, cheibrodos_slime_lost_civilization_6
Slime:5
Orc:1:    layout_caves
Orc:2:    grunt_orc_community_town_hall, layout_diamond_mine,
          grunt_orc_community_big_house_2, grunt_orc_community_big_house_2,
          grunt_orc_community_house_3, grunt_orc_community_house_2,
          grunt_orc_community_house_2, grunt_orc_community_house_1
Elf:1:    eino_elf_arrival_the_gate, layout_geoelf_diagonals, minivault_28
Elf:2:    elven_hall_of_blades_hangedman_alternative
          [nicolae_blade_entry_crossed_weapons], layout_geoelf_octagon,
          einodemon_crawler_minivault
Elf:3:    grunt_elf_hall_spiral, layout_geoelf_grid, st_stairs_14
Vaults:1: v_misc_32, vaults_room_grunt_arrival_ludios, vaults_mumra_minichess,
          vaults_dpeg_encased_lava, v_misc_9, vaults_mumra_lcd,
          nicolae_vaults_rhombus_7, vaults_room_semicircle,
          nicolae_vaults_alarming, v_misc_17, layout_vaults_omnicross
Vaults:2: v_misc_19, ontoclasm_vaults_ring_large,
          hangedman_vaults_stretched_pinwheel, vaults_dpeg_diagonal, v_misc_2,
          layout_vaults_omnigrid, uniq_sojobo
Vaults:3: v_misc_33, hangedman_vaults_cutoff, vaults_dpeg_spiral,
          nicolae_vaults_stairing_the_circle, minmay_crypt_entry_simple_plaza,
          nicolae_vaults_sealed_display, ontoclasm_vaults_hangar,
          ontoclasm_vaults_eye, nicolae_vaults_little_squares_4,
          grunt_vaults_hallway_long, vaults_room_fours,
          ontoclasm_vaults_gateway, layout_vaults_ring
Vaults:4: gammafunk_ghost_arena, nicolae_vaults_what_the_h,
          hangedman_vaults_restitches, ontoclasm_vaults_twist, v_rooms_6,
          v_misc_5, hangedman_vaults_stretched_pinwheel,
          nicolae_vaults_twisting_passages, v_misc_30, special_room_vaults
          [special_room_orc], v_misc_23, v_misc_25, layout_vaults_maze,
          serial_shops, shop, nicolae_shop_trees, nicolae_diamond_shop,
          nicolae_shop_trees, uniq_mennas, uniq_margery
Depths:1: layout_cave_pools, hell_entry, led_sif_pool,
          hangedman_abyss_or_decor_slice, st_stairs_2,
          eat_drink_and_be_merry_uskayaw
Depths:2: wad_lake_hut, layout_basic, enter_ziggurat_a, hell_entry, pan_entry
Depths:3: minmay_four_inscribed_fans, layout_cave_pools, serial_shops,
          freezing_bzr, enter_trove_2, hangedman_coc_ice_floe, abyss_entry,
          fedhas_altar_2
Depths:4: grunt_crosshair, layout_cave_pools, rand_demon_pan_entry_7,
          minmay_misc_feat_x, grunt_hell_entry_dis_old,
          small_chamber_with_monster, serial_sigils_hangedman_quiver,
          glass_columns_a, uniq_jory
Zot:1:    kennysheep_blocky_hall, layout_misc_corridors
Zot:2:    layout_twisted_circle
Zot:3:    minmay_elemental_castle, layout_onion_interference,
          gammafunk_ghost_split, st_stairs_2
Zot:4:    layout_basic, hangedman_elemental_corridor
Zot:5:    layout_onion

Skill      XL: |  1  2  3  4  5  6  7  8  9 10 11 12 13 14 15 16 17 18 19 20 21 22 23 |
---------------+----------------------------------------------------------------------+-----
Armour         | 1 2 3 4 5 7 8 9 10 11 12 14 15 16 | 16.8
Unarmed Combat | 4 5 6 7 8 10 12 14 15 17 18 20 22 23 24 25 27 | 27.0
Fighting       | 3 4 5 6 7 8 9 10 11 12 13 14 15 16 | 16.9
Evocations     | 2 3 5 6 7 8 9 10 11 12 13 14 15 | 15.1
Throwing       | 3 4 |  4.1
Shields        | 3 5 7 9 10 12 13 | 13.3
Dodging        | 3 4 |  4.2
Stealth        | |  1.0

Action                   |  1- 3 |  4- 6 |  7- 9 | 10-12 | 13-15 | 16-18 | 19-21 | 22-24 || total
-------------------------+-------+-------+-------+-------+-------+-------+-------+-------++-------
Melee: Unarmed           |   103 |    97 |   222 |   620 |   965 |  1051 |  1265 |   589 ||  4912
       Punch             |     1 |     2 |    16 |    53 |   117 |       |       |       ||   189
       Kick              |       |       |       |    15 |   343 |   477 |   557 |   314 ||  1706
       Bite              |       |       |       |       |     3 |   194 |   150 |   117 ||   464
Throw: Throwing net      |       |       |       |       |     1 |       |       |       ||     1
Invok: Slimify           |       |       |       |     2 |     5 |     6 |     4 |       ||    17
       Oozemancy         |       |       |       |     1 |     3 |     2 |     6 |     1 ||    13
Evoke: Wand              |       |     2 |     6 |    21 |    18 |     3 |     6 |     4 ||    60
       Box of beasts     |       |       |       |       |       |     2 |     4 |     1 ||     7
  Use: Scroll            |       |       |     8 |     5 |     7 |     8 |    13 |    13 ||    54
       Potion            |       |       |     3 |     4 |     1 |     2 |     1 |     7 ||    18
 Stab: Sleeping          |     2 |       |       |       |       |     4 |     2 |       ||     8
       Invisible         |       |       |       |     4 |       |       |       |     9 ||    13
       Petrified         |       |       |       |       |     7 |       |       |       ||     7
       Confused          |       |       |       |       |     8 |    30 |     9 |    18 ||    65
       Petrifying        |       |       |       |       |     1 |       |       |       ||     1
       Distracted        |       |       |       |       |       |     1 |     3 |       ||     4
Armor: Robe              |    38 |    34 |    25 |       |       |       |       |       ||    97
       Skin              |       |       |     8 |    21 |       |       |       |       ||    29
       Swamp dragon scal |       |       |       |   273 |   389 |   571 |   330 |       ||  1563
       Fire dragon scale |       |       |       |       |       |       |    57 |       ||    57
       Gold dragon scale |       |       |       |       |       |       |    36 |   335 ||   371
Dodge: Dodged            |    49 |    53 |   103 |   294 |   429 |   337 |   297 |   121 ||  1683
Block: Other             |       |       |       |    17 |   241 |       |       |       ||   258
       Kite shield       |       |       |       |       |       |   464 |   641 |       ||  1105
       Tower shield      |       |       |       |       |       |       |   166 |   494 ||   660

Table legend: (Time is in decaauts)
 A = Elapsed time spent in this place.
 B = Non-inter-level travel time spent in this place.
 C = Inter-level travel time spent in this place.
 D = Time resting spent in this place.
 E = Time spent auto-exploring this place.
 F = Levels seen in this place.
 G = Mean time per level.
                   A        B        C        D        E       F      G
               +--------+--------+--------+--------+--------+-----+--------+
         Total |  40621 |  37122 |   3499 |   1385 |  23459 |  57 |  712.6 |
       Dungeon |  13130 |  11313 |   1817 |    504 |   8527 |  15 |  875.3 |
        Temple |     15 |     15 |      0 |      0 |      0 |   1 |   15.0 |
          Lair |   5521 |   5072 |    449 |    373 |   2928 |   5 | 1104.2 |
         Swamp |   2681 |   2553 |    128 |     69 |   1412 |   4 |  670.2 |
     Snake Pit |   4163 |   3999 |    164 |    113 |   2777 |   4 | 1040.8 |
    Slime Pits |    219 |    153 |     66 |      0 |      0 |   5 |   43.8 |
  Orcish Mines |   1311 |   1101 |    210 |     36 |    656 |   2 |  655.5 |
   Elven Halls |   2909 |   2748 |    161 |      0 |   1631 |   3 |  969.7 |
        Vaults |   4194 |   3959 |    235 |     87 |   2748 |   4 | 1048.5 |
        Depths |   3706 |   3558 |    148 |    125 |   2211 |   4 |  926.5 |
           Zot |   1576 |   1459 |    117 |     77 |    249 |   5 |  315.2 |
        Bazaar |    126 |    126 |      0 |      0 |     84 |   1 |  126.0 |
         Trove |     74 |     74 |      0 |      0 |      0 |   1 |   74.0 |
         Sewer |    323 |    323 |      0 |      0 |    101 |   1 |  323.0 |
        Bailey |    332 |    332 |      0 |      0 |      0 |   1 |  332.0 |
      Gauntlet |    334 |    334 |      0 |      0 |    134 |   1 |  334.0 |
               +--------+--------+--------+--------+--------+-----+--------+

Top non-repeatable levels by time:
 Snake:4: 1606 daAuts
   Elf:3: 1388 daAuts
  Lair:3: 1289 daAuts
    D:10: 1269 daAuts
Depths:3: 1216 daAuts
Vaults:3: 1190 daAuts
  Lair:5: 1173 daAuts
    D:14: 1114 daAuts
  Lair:1: 1112 daAuts
    D:12: 1106 daAuts
    D:11: 1087 daAuts
  Lair:4: 1082 daAuts
 Snake:1: 1040 daAuts
Vaults:2: 1010 daAuts
Vaults:4: 1005 daAuts
